[Event "137th Varsity Match 2019"]
[Site "London"]
[Date "2019.03.02"]
[Round "1.3"]
[White "Schut, Lisa"]
[Black "Murphy, Conor E"]
[Result "1/2-1/2"]
[ECO "C56"]
[WhiteElo "2259"]
[BlackElo "2361"]
[Annotator "NA RC"]
[PlyCount "125"]
[EventDate "2019.03.02"]
[EventType "team-tourn"]
[EventCountry "ENG"]
[SourceTitle "playchess.com"]
[Source "ChessBase"]
[SourceQuality "1"]
[TimeControl "40/7200:3600"]

1. e4 e5 2. Nf3 Nc6 3. Bc4 Nf6 4. d4 exd4 5. e5 d5 6. Bb5 Ne4 7. Nxd4 Bc5 8. Be3 O-O 9. Nxc6 bxc6 10. Bxc5 Nxc5 11. Bxc6 Rb8 12. Qxd5 Qe7 13. O-O Rxb2 14. Nc3 Rd8 15. Qf3 Ne6 16. Qe3 Rxc2 17. Rac1 Nd4 18. Be4 Rxc1 19. Rxc1 Be6 20. h3 Qa3 21. Kh2 c5 22. Bb1 Rc8 23. Qd2 h6 24. Ne4 Bxh3 25. Rc3 Qb4 26. Rxh3 Qxb1 27. Nf6+ Kf8 28. Nd7+ Ke8 29. Nxc5 Qc2 30. Qxd4 Qxc5 31. Qg4 Qxe5+ 32. f4 Rc4 33. Rf3 g5 34. fxe5 Rxg4 35. Ra3 Re4 36. Ra5 Re3 37. Kg1 g4 38. Kf2 Re4 39. Kg3 Kf8 40. Rxa7 Rxe5 41. Kxg4 Rg5+ 42. Kf3 Rf5+ 43. Ke3 Rg5 44. Kf2 Rf5+ 45. Kg3 Rg5+ 46. Kh2 Rh5+ 47. Kg1 Rc5 48. Ra4 Rc2 49. Kh2 Kg7 50. Rg4+ Kf6 51. a4 Ra2 52. Kh3 h5 53. Rb4 Kg5 54. Rb5+ f5 55. Ra5 Ra3+ 56. Kh2 Kg4 57. Ra8 h4 58. a5 Kf4 59. a6 h3 60. a7 hxg2 61. Kxg2 Ra1 62. Kf2 Ra2+ 63. Kg1 1/2-1/2

[Event "137th Varsity Match 2019"]
[Site "London"]
[Date "2019.03.02"]
[Round "1.8"]
[White "Wei, Naomi"]
[Black "Mihov, Filip"]
[Result "0-1"]
[ECO "D26"]
[WhiteElo "1787"]
[BlackElo "2152"]
[Annotator "NA RC"]
[PlyCount "48"]
[EventDate "2019.03.02"]
[EventType "team-tourn"]
[EventCountry "ENG"]
[SourceTitle "playchess.com"]
[Source "ChessBase"]
[SourceQuality "1"]
[TimeControl "40/7200:3600"]

1. d4 d5 2. c4 dxc4 3. Nf3 c5 4. e3 cxd4 5. Bxc4 Nc6 6. exd4 e6 7. O-O Nf6 8. Nc3 Be7 9. Re1 O-O 10. a3 b6 11. b4 Bb7 12. Bb2 Rc8 13. Qe2 a5 14. b5 Nxd4 15. Nxd4 Qxd4 16. Nd5 Qc5 17. Bd4 Qd6 18. Nxe7+ Qxe7 19. Bxb6 Bxg2 20. Bxa5 Qb7 21. Rac1 Bh3 22. f4 Qa7+ 23. Qe3 Qxa5 24. Qxh3 Rxc4 0-1